 Dungeon Crawl Stone Soup version 0.20.2-3-g29329e0561 (webtiles) character file.

1451 Alfie the Cutter (level 8, -3/70 HPs)
             Began as a Hill Orc Fighter on Feb 22, 2024.
             Slain by an earth elemental (24 damage)
             ... summoned by a deep elf mage
             ... on level 6 of the Dungeon.
             The game lasted 00:15:43 (5035 turns).

Alfie the Cutter (Hill Orc Fighter)                 Turns: 5035, Time: 00:15:43

Health: -3/70      AC: 14    Str: 21    XL:     8   Next: 75%
Magic:  8/8        EV:  9    Int:  8    God:
Gold:   114        SH: 11    Dex: 10    Spells: 6/7 levels left

rFire    . . .     SeeInvis .   a - +2 rapier
rCold    . . .     Gourm    .   c - +1 shield
rNeg     . . .     Faith    .   b - +2 scale mail
rPois    +         Spirit   .   (no helmet)
rElec    .         Reflect  .   (no cloak)
rCorr    .         Harm     .   k - +1 pair of gloves
MR       .....                  o - +1 pair of boots
Stlth    ..........             n - amulet of regeneration
Regen    0.7/turn               x - ring of poison resistance
MPRegen  0.2/turn               (no ring)

@: no status effects
A: no striking features
a: no special abilities


You were on level 6 of the Dungeon.
You were not hungry.

You visited 1 branch of the dungeon, and saw 6 of its levels.

You collected 301 gold pieces.
You spent 187 gold pieces at shops.

Inventory:

Hand Weapons
 a - a +2 rapier (weapon)
Missiles
 y - 6 tomahawks (quivered)
Armour
 b - a +2 scale mail (worn)
 c - a +1 shield (worn)
 k - a +1 pair of gloves (worn)
 o - a +1 pair of boots (worn)
Jewellery
 n - an amulet of regeneration (around neck)
 t - an uncursed ring of ice
 w - an uncursed ring of resist corrosion
 x - a ring of poison resistance (left hand)
Wands
 p - a wand of flame (47/48)
 D - a wand of confusion (25/48)
Scrolls
 e - 2 scrolls of teleportation
 h - 2 scrolls of remove curse
 m - 3 scrolls of amnesia
 u - 2 scrolls of fog
 z - a scroll of blinking
 B - a scroll of magic mapping
Potions
 d - a potion of magic {unknown}
 g - a potion of berserk rage {unknown}
 j - a potion of lignification
 l - a potion of ambrosia {unknown}
 q - a potion of heal wounds
 r - a potion of mutation {unknown}
 s - a potion of cancellation {unknown}
 v - a potion of resistance {unknown}
Comestibles
 f - a royal jelly
 i - a bread ration
 A - a meat ration


   Skills:
 + Level 5.7 Fighting
 + Level 6.4 Short Blades
 + Level 1.3 Throwing
 + Level 5.9 Armour
 + Level 2.4 Dodging
 + Level 1.0 Stealth
 + Level 6.2 Shields


You had 6 spell levels left.
You knew the following spells:

 Your Spells              Type           Power        Failure   Level  Hunger
a - Confusing Touch       Hex            #.....       98%         1    ##.....


Dungeon Overview and Level Annotations

Branches:
Dungeon (6/15)
 Temple: D:4-7

Altars:
Okawaru

Shops:
D:5 ?

Annotations:
D:4 1 transporter
D:5 Valeaz's ghost, novice MiGl


Message History

You hit the earth elemental but do no damage.
The earth elemental is heavily damaged.
The deep elf mage gestures wildly while chanting.
The deep elf mage blinks!
Your shield and scale mail prevent you from hitting the earth elemental.
The earth elemental is heavily damaged.
The earth elemental barely misses you.
You hit the earth elemental but do no damage.
The earth elemental is heavily damaged.
You hit the earth elemental.
The earth elemental is heavily damaged.
You block the earth elemental's attack.
The deep elf mage hits you but does no damage.
You hit the earth elemental but do no damage.
The earth elemental is heavily damaged.
You hit the earth elemental.
The earth elemental is heavily damaged.
The deep elf mage casts a spell.
The deep elf mage blinks!
The earth elemental hits you!!
You die...

..## ##....###### .[.#
##..........## #..##
###.....#.#.#..#
#...###...†..........#
##.†....###########..#
###†..............#..#
.####.............#..#
.## ##..8######'§'#..#
..## #........+?@P#..#
...# #........+.E.#.##
...# ##.......+P.⌠#.#
#### #.8######+++#.# #
#.).........#.#
#.........(.#.#
#.###########.#
#.............#
###############


You could see an earth elemental.

Vanquished Creatures
  The ghost of Alfie the Shield-Bearer, an amateur HOFi (D:4)
  Edmund (D:6)
  A sky beast (D:6)
  4 ogres
  A centaur (D:5)
  A big kobold (D:5)
  2 scorpions
  A crimson imp (D:6)
  3 hounds
  3 orc priests (D:6)
  A centaur skeleton (D:4)
  A worker ant (D:4)
  A hound skeleton (D:5)
  3 gnolls (D:3)
  3 adders
  2 adder zombies
  2 adder skeletons (D:5)
  5 dart slugs
  3 leopard geckos
  2 orcs (D:6)
  7 bats
  4 giant cockroaches
  9 goblins
  5 hobgoblins
  16 jackals
  4 quokkas
  4 ball pythons
  6 frilled lizards
  8 kobolds
  2 rats
106 creatures vanquished.

Vanquished Creatures (others)
  A plant (D:5)
1 creature vanquished.

Grand Total: 107 creatures vanquished

Notes
Turn   | Place    | Note
-------+----------+-------------------------------------------
     0 | D:1      | Alfie the Hill Orc Fighter began the quest for the Orb.
     0 | D:1      | Reached XP level 1. HP: 19/19 MP: 1/1
   178 | D:1      | Reached XP level 2. HP: 3/27 MP: 2/2
   517 | D:1      | Reached XP level 3. HP: 30/33 MP: 3/3
  1245 | D:2      | Found an iron altar of Okawaru.
  1361 | D:2      | Reached XP level 4. HP: 40/40 MP: 4/4
  1866 | D:3      | Noticed an ogre
  1876 | D:3      | Killed an ogre
  1876 | D:3      | Reached XP level 5. HP: 6/47 MP: 5/5
  2020 | D:3      | Learned a level 1 spell: Confusing Touch
  2096 | D:3      | Reached skill level 1 in Dodging
  2242 | D:4      | Noticed an ogre
  2390 | D:4      | Noticed Alfie's ghost (amateur HOFi)
  2469 | D:4      | HP: 1/47 [Alfie's ghost (4)]
  2488 | D:4      | Killed Alfie's ghost
  2488 | D:4      | Reached XP level 6. HP: 39/55 MP: 6/6
  2513 | D:4      | Reached skill level 5 in Fighting
  2513 | D:4      | Reached XP level 7. HP: 23/61 MP: 7/7
  2569 | D:4      | Reached skill level 5 in Shields
  2579 | D:4      | Found a transporter.
  2593 | D:4      | Found a transporter.
  2845 | D:4      | Reached skill level 5 in Armour
  3194 | D:5      | Entered Level 5 of the Dungeon
  3317 | D:5      | Reached skill level 5 in Short Blades
  3656 | D:5      | Reached skill level 1 in Stealth
  3656 | D:5      | Reached XP level 8. HP: 55/68 MP: 8/8
  3875 | D:5      | Found Fobu's Magic Scroll Shop.
  3918 | D:5      | Bought a scroll of teleportation for 45 gold pieces
  3918 | D:5      | Bought a scroll of magic mapping for 52 gold pieces
  3918 | D:5      | Bought 3 scrolls of identify for 90 gold pieces
  3973 | D:5      | Noticed Valeaz's ghost (novice MiGl)
  4004 | D:5      | HP: 1/69 [Valeaz's ghost (11)]
  4421 | D:6      | Noticed Edmund
  4441 | D:6      | Killed Edmund
  4753 | D:6      | Reached skill level 1 in Throwing
  5012 | D:6      | Noticed a deep elf mage
  5035 | D:6      | Slain by an earth elemental

Skill      XL: |  1  2  3  4  5  6  7  8 |
---------------+-------------------------+-----
Fighting       | 4 5 |  5.7
Short Blades   | 3 4 5 6 |  6.4
Armour         | 4 5 |  5.9
Shields        | 4 5 6 |  6.2
Dodging        | 1 2 |  2.4
Stealth        | 1 |  1.0
Throwing       | 1 |  1.3

Action                   |  1- 3 |  4- 6 |  7- 9 || total
-------------------------+-------+-------+-------++-------
Melee: Rapier            |   121 |   194 |   286 ||   601
Throw: Tomahawk          |       |     4 |    13 ||    17
Evoke: Wand              |       |       |     1 ||     1
  Use: Scroll            |     5 |     4 |    17 ||    26
       Potion            |       |     7 |     2 ||     9
  Eat: Bread ration      |     1 |     1 |       ||     2
       Fruit             |       |       |     4 ||     4
       Royal jelly       |       |       |     1 ||     1
Armor: Scale mail        |    82 |    70 |    99 ||   251
       Skin              |       |    10 |       ||    10
Dodge: Dodged            |    37 |    59 |    79 ||   175
Block: Shield            |    72 |   111 |   152 ||   335
